 Dungeon Crawl Stone Soup version 0.25-a0-804-g50c693f (webtiles) character file.

Game seed: 10646916961827609511, levelgen mode: deterministic

37 Kurtz the Cudgeler (level 3, -3/29 HPs)
             Began as a Mummy Chaos Knight on Apr 19, 2020.
             Was a Plaything of Xom.
             Slain by a death yak (glowing shapeshifter) (13 damage)
             ... on level 2 of the Dungeon.
             The game lasted 00:00:48 (1095 turns).

Kurtz the Cudgeler (Mummy Chaos Knight)             Turns: 1095, Time: 00:00:48

Health: -3/29      AC:  5    Str: 16    XL:     3   Next: 23%
Magic:  3/3        EV: 10    Int: 11    God:    Xom [...*..]
Gold:   98         SH:  0    Dex: 11    Spells: 2/2 levels left

rFire    x . .     SeeInvis .   a - +0 mace (chaos)
rCold    + . .     Gourm    .   (no shield)
rNeg     + + +     Faith    .   f - +0 ring mail (curse)
rPois    ∞         Spirit   .   (no helmet)
rElec    .         Reflect  .   (no cloak)
rCorr    .         Harm     .   (no gloves)
MR       .....                  (no boots)
Stlth    +.........             (no amulet)
HPRegen  0.09/turn              (no ring)
MPRegen  0.08/turn              (no ring)

@: no status effects
A: no food or potions, fire vulnerability, cold resistance 1, negative energy
resistance 3, torment resistance, unbreathing
a: Renounce Religion


You were on level 2 of the Dungeon.
You worshipped Xom.
You were a favourite toy of Xom.
You were not hungry.

You visited 1 branch of the dungeon, and saw 2 of its levels.

You collected 98 gold pieces.

Inventory:

Hand Weapons
 a - a +0 mace of chaos (weapon)
Armour
 b - a +2 leather armour
 d - a +0 plate armour
 f - a cursed +0 ring mail (worn)
Scrolls
 e - a scroll of magic mapping


   Skills:
 - Level 3.0 Fighting
 * Level 3.6 Maces & Flails
 - Level 1.5 Armour
 - Level 0.7 Dodging


You had 2 spell levels left.
You didn't know any spells.
Your spell library was empty.

Dungeon Overview and Level Annotations

Branches:
Dungeon (2/15)

Altars:
Okawaru
Uskayaw
Zin


Innate Abilities, Weirdness & Mutations

You do not eat or drink.
Your flesh is vulnerable to fire.
You are immune to poison.
Your flesh is cold resistant. (rC+)
You are immune to negative energy. (rN+++)
You are immune to unholy pain and torment.
You can survive without breathing.


Message History

You are now a favourite toy of Xom.
The glowing shapeshifter changes into a great orb of eyes!
You hit the great orb of eyes but do no damage.
The great orb of eyes bites you!
You are too injured to fight recklessly!
You are too injured to fight recklessly!
You are too injured to fight recklessly!
You are too injured to fight recklessly!
A great orb of eyes is nearby!
A great orb of eyes is nearby!
Unknown command.
You hit the great orb of eyes but do no damage.
The great orb of eyes changes into an entropy weaver!
You miss the entropy weaver.
The entropy weaver changes into a death yak!
You hit the death yak.
The death yak is poisoned.
The death yak is lightly wounded.
The death yak gores you!
You die...
Xom laughs nastily!

#.# #.# #########.#
#.#
#.......#.#######.#
#.###.###.#.#........
#...........#.#####.#
#.###.###............
##.....#######.#####.#
#.......# #.# #.#
#....@_.# #.# #.#
#.....Y...# #.# #..
#....8....# #.# #..
#.........# #.# ###
##._.....## #.# #
#.......# ...
###...... #....###


You could see a death yak shaped shifter.

Vanquished Creatures
  An adder (D:2)
  A worm (D:2)
  4 leopard geckos
  A giant cockroach (D:1)
  4 goblins
  A hobgoblin (D:1)
  A ball python (D:1)
  3 bats
  A frilled lizard (D:1)
  7 rats
24 creatures vanquished.

Notes
Turn   | Place    | Note
-------+----------+-------------------------------------------
     0 | D:1      | Kurtz the Mummy Chaos Knight began the quest for the Orb.
     0 | D:1      | Reached XP level 1. HP: 18/18 MP: 1/1
     8 | D:1      | XOM: divination: magic mapping
    86 | D:1      | XOM: smoke on damage
    89 | D:1      | Reached XP level 2. HP: 6/24 MP: 2/2
   276 | D:1      | XOM: silly message
   307 | D:1      | XOM: divination: magic mapping
   779 | D:1      | XOM: silly message
   803 | D:2      | XOM: noise
   978 | D:2      | Reached XP level 3. HP: 28/29 MP: 3/3
  1053 | D:2      | Noticed a +0 hand axe
  1054 | D:2      | Noticed a +0 hand axe
  1055 | D:2      | Found a hide-covered altar of Uskayaw.
  1081 | D:2      | Found a glowing silver altar of Zin.
  1082 | D:2      | Found an iron altar of Okawaru.
  1091 | D:2      | Noticed a glowing shapeshifter
  1091 | D:2      | a bat changed into a glowing shapeshifter
  1091 | D:2      | XOM: polymorph bat -> glowing shapeshifter
  1091 | D:2      | Noticed a great orb of eyes
  1091 | D:2      | a glowing shapeshifter changed into a great orb of eyes
  1093 | D:2      | Noticed an entropy weaver
  1093 | D:2      | a great orb of eyes changed into an entropy weaver
  1094 | D:2      | Noticed a death yak
  1094 | D:2      | an entropy weaver changed into a death yak
  1095 | D:2      | Slain by a death yak (glowing shapeshifter)

Levels and vault maps discovered:
D:1:      wheals_arrival_shading, layout_loops_cross
D:2:      layout_basic, gammafunk_temple_overflow_pools,
          grunt_temple_overflow_open, dancing_weapons_uskayaw, first_ration

Skill      XL: |  1  2 |
---------------+-------+-----
Maces & Flails | 3 |  3.6
Fighting       | |  3.0
Armour         | |  1.5
Dodging        | |  0.7

Action                   || total
-------------------------++-------
Melee: Mace              ||    81
  Use: Scroll            ||     1
Armor: Leather armour    ||    10
       Plate armour      ||    22
       Ring mail         ||    11
Dodge: Dodged            ||    39

Table legend:
 A = Non-vault XP
 B = Vault XP
 C = Vault XP percentage of total XP
 D = Non-vault monster count
 E = Vault monster count
 F = Vault count percentage of total count
                 A         B        C        D         E       F
            +---------+---------+-------+---------+---------+-------
      Total |      54 |       0 |   0.0 |      24 |       0 |   0.0
            +---------+---------+-------+---------+---------+-------
        D:1 |      23 |       0 |   0.0 |      14 |       0 |   0.0
        D:2 |      31 |       0 |   0.0 |      10 |       0 |   0.0
            +---------+---------+-------+---------+---------+-------
